[Event "5th Baskent University Open 2022"]
[Site "Ankara"]
[Date "2022.07.06"]
[Round "8.6"]
[White "Ozer, Omer Faruk"]
[Black "Makaraci, Tunahan"]
[Result "1-0"]
[ECO "D02"]
[WhiteElo "2317"]
[BlackElo "2130"]
[Annotator "TA"]
[PlyCount "61"]
[EventDate "2022.07.02"]
[EventType "swiss"]
[EventCountry "TUR"]
[SourceTitle "playchess.com"]
[Source "ChessBase"]
[SourceQuality "1"]
[TimeControl "5400+30"]

1. d4 d5 2. Nf3 c5 3. g3 Nc6 4. Bg2 e6 5. O-O Nf6 6. b3 cxd4 7. Nxd4 Bc5 8. Nxc6 {[%emt 0:03:30] D02: 1 d4 d5 2 Nf3 sidelines, including 2...Nf6 3 g3 and 2...Nf6 3 Bf4.} bxc6 9. c4 O-O 10. Qc2 {[%emt 0:00:30] And now cxd5 would win. The position is equal.} Qe7 11. Bb2 Ba6 12. Nd2 Rac8 13. a3 Bb6 {[%emt 0:02:30] [#]} 14. Rac1 $146 ({Predecessor:} 14. b4 dxc4 15. Nxc4 c5 16. Nxb6 axb6 17. Rfe1 cxb4 18. Qa4 Bc4 19. axb4 b5 20. Qa5 {½-½ (30) Gaspariants,V (2335)-Tuovinen,J Helsinki 1997}) 14... Rfd8 15. e3 c5 16. Rfe1 (16. Rfd1 {keeps more tension.} Ng4 17. cxd5 exd5 18. Qf5) 16... Ba5 17. Red1 (17. b4 $5 Bb6 18. cxd5 $11) 17... Bb7 18. cxd5 exd5 19. Qf5 Ne4 (19... Bb6 $14) 20. Nxe4 $18 dxe4 21. b4 ({White should try} 21. Rxd8+ $18 Rxd8 22. Rxc5) 21... g6 $16 {[%emt 0:01:30] [#]} 22. Qf4 {[%emt 0:08:30] White is more active.} (22. Rxd8+ $1 $16 Bxd8 23. Qg4) 22... cxb4 23. Bf6 $40 {[%emt 0:00:00][%mdl 128] White is up to no good.} Rxd1+ 24. Rxd1 Qe6 25. h4 {[%emt 0:02:30][%cal Og2h3] Bh3! is the strong threat.} bxa3 $2 {[%emt 0:00:30][%mdl 8192] [#]} (25... Qf5 $1 $11 {and Black is okay.} 26. Qxf5 gxf5) 26. Bh3 $1 $18 {[%emt 0:00:30][%mdl 64] Deflection} Qa6 (26... Qe8 $18 27. Bxc8 Qxc8) 27. Bxc8 Bxc8 28. Qe5 (28. Rd6 $142 Qe2 29. Qxe4 Qe1+ 30. Kg2 Bh3+ 31. Kxh3 Qf1+ 32. Kg4 Qe2+ 33. f3) 28... Be6 29. Bh8 Kf8 30. Bg7+ Ke8 31. Qc5 {[%emt 0:00:30] Weighted Error Value: White=0.12 (very precise) /Black=1.09} 1-0

[Event "5th Baskent University Open 2022"]
[Site "Ankara"]
[Date "2022.07.06"]
[Round "8.7"]
[White "Bekiragaoglu, Umut"]
[Black "Huseyinoglu, Alihan"]
[Result "1/2-1/2"]
[ECO "B65"]
[WhiteElo "2067"]
[BlackElo "2213"]
[Annotator "TA"]
[PlyCount "90"]
[EventDate "2022.07.02"]
[EventType "swiss"]
[EventCountry "TUR"]
[SourceTitle "playchess.com"]
[Source "ChessBase"]
[SourceQuality "1"]
[TimeControl "5400+30"]

1. e4 c5 2. Nf3 Nc6 3. d4 cxd4 4. Nxd4 Nf6 5. Nc3 d6 6. Bg5 e6 7. Qd2 Be7 8. O-O-O O-O 9. f4 Nxd4 10. Qxd4 Qa5 11. Qa4 {[%emt 0:07:30] [#]} Qc5 $146 ({Predecessor:} 11... Qxa4 12. Nxa4 Bd7 13. Nc3 Bc6 14. Bb5 Rfd8 15. Bxc6 bxc6 16. e5 dxe5 17. fxe5 Nd5 18. Ne4 Bxg5+ 19. Nxg5 Ne3 20. Rxd8+ Rxd8 {½-½ (47) He,T (2133)-Pearson,M (2344) Las Vegas 2011}) 12. Qd4 Qa5 13. Qa4 {[%emt 0:00:00] B65: Sicilian: Richter-Rauzer: 7...Be7 8 0-0-0 0-0 9 f4 Nxd4.} Qc7 14. Nb5 Qb6 15. Qd4 {[%emt 0:02:30] White is slightly better.} (15. Qa3 $5 ) 15... Qa5 16. Nxd6 (16. Bxf6 {is more complex.} Bxf6 17. Qxd6 Qxa2 18. e5) 16... Bxd6 17. Qxd6 {[%emt 0:00:00] [#] And now Bxf6 would win.} Nxe4 18. Qxf8+ Kxf8 19. Rd8+ Qxd8 20. Bxd8 Bd7 21. Ba5 Bc6 22. Bd3 Nf2 23. Rg1 Nxd3+ 24. cxd3 $11 {[%emt 0:00:30][%mdl 4096] Endgame KRB-KRB} h5 25. g3 f6 26. Kd2 Kf7 27. Ke3 Rh8 28. h3 Bd5 29. a3 Rc8 30. Bc3 Bc6 31. g4 hxg4 32. hxg4 Rh8 33. Rg3 Kg6 34. g5 {[%emt 0:00:30] [#] Threatens to win with gxf6+.} Kf5 35. gxf6 gxf6 36. Rg7 Rh3+ 37. Kd2 Bd5 38. Rg8 Rh2+ 39. Ke1 a6 40. a4 Bb3 41. a5 e5 42. Rf8 {[%emt 0:01:30] The position is equal.} Kxf4 43. Rxf6+ Ke3 44. Bxe5 Rh1+ 45. Rf1 Rxf1+ {[%emt 0:00:30] Weighted Error Value: White=0.06 (flawless) /Black=0.06 (flawless)} 1/2-1/2

[Event "5th Baskent University Open 2022"]
[Site "Ankara"]
[Date "2022.07.06"]
[Round "8.9"]
[White "Bicer, Atakan Mert"]
[Black "Yildirim, Ibrahim Halil"]
[Result "1-0"]
[ECO "C88"]
[WhiteElo "2368"]
[BlackElo "2106"]
[Annotator "TA"]
[PlyCount "47"]
[EventDate "2022.07.02"]
[EventType "swiss"]
[EventCountry "TUR"]
[SourceTitle "playchess.com"]
[Source "ChessBase"]
[SourceQuality "1"]
[TimeControl "5400+30"]

1. e4 e5 2. Nf3 Nc6 3. Bb5 a6 4. Ba4 Nf6 5. O-O Be7 6. Re1 b5 7. Bb3 O-O 8. a4 Rb8 9. c3 d6 {[%emt 0:03:30] C88: Closed Ruy Lopez: Anti-Marshall Systems.} 10. h3 h6 (10... b4 $11 {feels stronger.}) 11. d4 {[%emt 0:01:30][%cal Bd2d4,Bd4d5][%mdl 32] White wants to play axb5.} Re8 (11... b4 $11 {keeps the balance.}) 12. axb5 $16 axb5 (12... Rxb5 $16 {was called for.} 13. Ba4 Bd7 14. Bxb5 axb5) 13. d5 {[%emt 0:00:30] [#] Black did not feel at home in the position after the opening.  Weighted Error Value: White=0.21 (precise) /Black=0.89} {Predecessor:} Rb6 $146 14. dxc6 Rxc6 15. Nbd2 Bf8 16. Nf1 Rb6 17. Ng3 g6 18. Be3 Rb8 19. Nh4 Kg7 20. Qd2 Ng8 21. Nf3 Bd7 22. Ra7 Ne7 23. Rea1 Kh7 24. Bxf7 {1-0 (24) Roebers,J (2154)-Matveeva,O (2171) Chess.com INT 2021} 1-0

[Event "5th Baskent University Open 2022"]
[Site "Ankara"]
[Date "2022.07.06"]
[Round "8.10"]
[White "Citak, Selim"]
[Black "Tarhan, Adar"]
[Result "1/2-1/2"]
[ECO "D37"]
[WhiteElo "2176"]
[BlackElo "2201"]
[Annotator "TA"]
[PlyCount "54"]
[EventDate "2022.07.02"]
[EventType "swiss"]
[EventCountry "TUR"]
[SourceTitle "playchess.com"]
[Source "ChessBase"]
[SourceQuality "1"]
[TimeControl "5400+30"]

1. d4 d5 2. c4 e6 3. Nc3 Nf6 4. Nf3 Be7 5. Bf4 O-O 6. e3 Ne4 {[%emt 0:01:00] D37: Queen's Gambit Declined: 5 Bf4.} 7. Bd3 f5 8. cxd5 exd5 {[%emt 0:00:00] White is slightly better.} 9. Qb3 {[%emt 0:01:30][%csl LRd5,LRe4] [#]} Nf6 $146 ({Black should try} 9... Nxc3 $1 $14 10. bxc3 (10. Qxc3 Nc6 $11) 10... g5) ({Predecessor:} 9... c6 10. Nxe4 fxe4 11. Bxe4 Bb4+ 12. Qxb4 dxe4 13. Nd2 Qe8 14. Qc4+ Be6 15. Qc2 Bf5 {½-½ (44) Szoboszlai,C (1349)-Jonas,B (1304) Gyor 2016}) 10. O-O-O {[%emt 0:05:30] White is much more active.} ({White should play} 10. Qc2 $16) 10... c6 $14 11. Ne5 Qb6 12. Qc2 Ne4 13. Na4 Qa5 14. f3 (14. g4 $142 $1) 14... Nf2 $16 15. Qxf2 Qxa4 16. Kb1 $36 {[%emt 0:01:30][%mdl 2048] Black is under strong pressure.} Be6 {[%emt 0:04:30] [#]} (16... Na6 $16) 17. h3 (17. g4 $1 $18) 17... Na6 {[%emt 0:01:30] [#]} 18. a3 (18. Bc2 $1 $16 Qb5 19. Bd3) 18... c5 $1 $14 19. g4 c4 $1 20. Qc2 Qb5 (20... Qxc2+ $11 21. Bxc2 Nb8) 21. Bxf5 $18 Bxf5 22. gxf5 {[%emt 0:00:30] Hoping for Rhg1.} Bxa3 (22... Nc7 {might work better.} 23. a4 Qe8) 23. Rhg1 {[%emt 0:01:30][%cal Og1g7] White threatens Rxg7+! and mate.} Rf6 24. Qg2 $2 {[%emt 0:06:30] Chess con chili.} ({Better is} 24. Rd2 $18 {And now Rdg2 would win.} Bf8 25. Ng4) 24... Bf8 $11 {[%emt 0:01:30] The position is equal.} 25. Ng4 Rb6 26. Nh6+ Kh8 {[%emt 0:00:30] aiming for ...Qd7.} 27. Nf7+ Kg8 {[%emt 0:00:00] Weighted Error Value: White=0.32/Black=0.40} 1/2-1/2

[Event "5th Baskent University Open 2022"]
[Site "Ankara"]
[Date "2022.07.06"]
[Round "8.11"]
[White "Maruflu, Enes Yusuf"]
[Black "Zor, Alber Kadir"]
[Result "0-1"]
[ECO "E73"]
[WhiteElo "2046"]
[BlackElo "2116"]
[Annotator "TA"]
[PlyCount "178"]
[EventDate "2022.07.02"]
[EventType "swiss"]
[EventCountry "TUR"]
[SourceTitle "playchess.com"]
[Source "ChessBase"]
[SourceQuality "1"]
[TimeControl "5400+30"]

1. c4 Nf6 2. d4 g6 3. Nc3 Bg7 4. e4 d6 5. Be2 O-O 6. Be3 c5 7. d5 e6 8. Nf3 {[%emt 0:00:30] E73: King's Indian: Averbakh Variation without 6...c5.} exd5 9. cxd5 Bg4 10. O-O {[%emt 0:02:30] White has an edge.} Bxf3 11. Bxf3 Re8 12. Bf4 a6 13. a4 Qc7 {[%emt 0:01:30] [#]} 14. Qc2 $146 ({Predecessor:} 14. a5 Nbd7 15. Qc2 Ne5 16. Be2 Rac8 17. Rfc1 Qe7 18. Ra4 Qc7 19. Qd2 {1-0 (19) Sandehn,K (2179)-Paetzold,O (1813) IECG email 2002}) 14... Nbd7 15. h3 h6 16. Be2 Re7 (16... c4 $11) 17. Rfe1 (17. a5 $14) 17... Rae8 $11 18. Bf1 g5 19. Bh2 Ne5 20. f4 ({Better is} 20. Kh1 $11) 20... gxf4 (20... Ng6 $1 $15 21. fxg5 hxg5) 21. Bxf4 Ng6 {[%emt 0:00:00] Pair of Knights!} 22. Bg3 Nd7 (22... Nh5 $5 23. Bf2 Bd4 $11) 23. Kh1 Be5 24. Ne2 Nf6 25. Bxe5 Rxe5 ({Don't play} 25... Nxe5 26. Ng3 $16) 26. Ng3 h5 {[%emt 0:22:26] ...h4 is the strong threat.} 27. Qf2 (27. Bd3 $11) 27... Nxe4 $17 28. Rxe4 Rxe4 29. Nxh5 {[%emt 0:00:30] Hoping for Qf6.} R8e5 (29... Qe7 $1 $15 30. Nf6+ Kg7 31. Nxe8+ Qxe8) 30. Nf6+ Kg7 $1 31. Nxe4 Rxe4 32. Bd3 Re5 (32... Rd4 $5 33. Qg3 Qe7 $15) 33. Rf1 Qe7 34. Bxg6 (34. a5 {keeps more tension.} Nh4 35. Qf4 Re3 36. Bb1) 34... fxg6 $11 {[%emt 0:00:30][%mdl 4096] Endgame KQR-KQR} 35. Qd2 b5 36. axb5 (36. Qa5 $11 {and White is okay.}) 36... axb5 $19 37. Qa5 {[%emt 0:08:30] [#]} (37. b4 $17 c4 38. Qd4) 37... b4 $1 38. Qa1 Rxd5 39. b3+ Re5 40. Kh2 Kh7 41. Rf4 Re4 42. Rxe4 Qxe4 {[%emt 0:00:30] KQ-KQ} 43. Qa7+ Kh6 44. Qf7 {[%emt 0:00:00] Prevents c4.} Qf5 45. Qg8 Qe5+ 46. g3 Qb2+ 47. Kg1 Qa1+ $2 (47... Qg7 $19 {has better winning chances.} 48. Qc4 Qe5) 48. Kg2 $17 {[%emt 0:00:30] [#]} Qb2+ $2 (48... Qf6 $1 $17 49. h4 Qg7) 49. Kg1 $1 $19 Qg7 50. Qd8 Qe5 51. Kf2 (51. Qf8+ $142 Kg5 52. Kg2) 51... Kg7 {[%emt 0:00:55] And now ...Qf6+ would win.} 52. Qd7+ $2 (52. Kg2) 52... Kf8 (52... Kf6 $142 {Threatens to win with ...Qf5+.} 53. Qd8+ Qe7 54. Qh8+ Ke6) 53. Qd8+ $2 (53. g4) 53... Kf7 54. Kg2 $2 (54. Qc7+ Qe7 55. Qc6) 54... Qb2+ 55. Kh1 Qa1+ 56. Kg2 Qa2+ 57. Kh1 (57. Kg1 $142 Qxb3 58. Qd7+ Kg8 59. Qxd6) 57... Qb1+ 58. Kg2 Qc2+ 59. Kh1 (59. Kg1 $142 Qxb3 60. Qd7+ Kg8 61. Qe8+ Kg7 62. Qe7+ Qf7 63. Qxd6) 59... Qd1+ 60. Kg2 Qe2+ 61. Kg1 Qe1+ 62. Kg2 Qe2+ 63. Kg1 Qe7 64. Qb8 Kg7 65. h4 d5 66. Qb6 Kh7 {[%emt 0:00:41] aiming for ...c4.} 67. Qb5 {[%emt 0:00:20] Prevents c4.} Qc7 (67... d4 $19 {and Black stays clearly on top. White must now prevent ...Kh6.} 68. Qc4 Qd6 69. Qf7+ Kh6) 68. Kh2 Kg7 69. Qe2 $2 (69. Kh3) 69... c4 {[%emt 0:00:36] Strongly threatening ...c3.} 70. bxc4 dxc4 71. Qb2+ c3 72. Qxb4 c2 73. Qb2+ Kh7 74. Qc1 Qc3 (74... Qc4 $142 {( -> ...Qe2+)} 75. g4 Kg8) 75. h5 gxh5 {[%emt 0:00:18] Black mates.} 76. Kh3 Kg6 77. Kh2 Kf5 78. Qf4+ Ke6 79. Qe4+ Kd6 80. Qg6+ Kc5 81. Qf5+ Kb4 82. Qe4+ Kb3 83. Qd5+ Qc4 84. Qf3+ Kb4 85. Qb7+ Kc3 86. Qf3+ Qd3 87. Qf6+ Kd2 88. Qf4+ Kd1 89. Qa4 Ke1 {[%emt 0:00:51] Weighted Error Value: White=0.48/Black=0.34} 0-1

[Event "5th Baskent University Open 2022"]
[Site "Ankara"]
[Date "2022.07.06"]
[Round "8.12"]
[White "Ozkan, Taha"]
[Black "Ozturk, Efe Hakan"]
[Result "1-0"]
[ECO "E91"]
[WhiteElo "2357"]
[BlackElo "2115"]
[Annotator "TA"]
[PlyCount "183"]
[EventDate "2022.07.02"]
[EventType "swiss"]
[EventCountry "TUR"]
[SourceTitle "playchess.com"]
[Source "ChessBase"]
[SourceQuality "1"]
[TimeControl "5400+30"]

1. e4 g6 2. d4 Bg7 3. Nf3 c6 4. c4 d6 5. Nc3 Nf6 6. Be2 O-O 7. O-O Bg4 8. Be3 Nbd7 9. Qc2 e5 {[%emt 0:05:30] E91: King's Indian: Classical: 6 Be2, unusual replies including 6...c5 and 6...Bg4.} 10. Rad1 Qc7 {[%emt 0:04:30] [#]} 11. a3 $146 ({Predecessor:} 11. d5 Rfe8 12. b4 a6 13. Qd2 Rac8 14. dxc6 Qxc6 15. b5 axb5 16. Qxd6 bxc4 17. h3 Qxd6 18. Rxd6 {1-0 (46) Thompson,E (1890)-Tandoh,C Accra 2016}) 11... a5 {[%emt 0:07:30] White is slightly better.} 12. Rfe1 Rfe8 13. dxe5 dxe5 14. Na4 Nh5 15. h3 (15. Ng5 {seems wilder.} Bxe2 16. Rxe2 Nf4 17. Red2) 15... Bxf3 16. Bxf3 (16. gxf3 Nf4 $15) 16... Nf4 17. Bg4 Nf6 (17... Nf8 $14 {was preferrable.}) 18. Bb6 $1 $16 Qb8 19. Bd7 Re7 20. Nc5 Nxd7 21. Nxd7 Qc8 22. Qd2 {[%emt 0:00:30] Bc5 is the strong threat.} Ne6 23. Qd6 Qe8 24. Nxe5 Ng5 25. Nd7 $36 {[%emt 0:08:35][%mdl 2048] White has good play.} Nxe4 26. Qc7 Bxb2 27. Re3 Nf6 $2 (27... Qc8 $1 $11) 28. Qxb7 {[%emt 0:01:35] aiming for Rxe7. White is much more active.} Rxe3 29. Bxe3 Nxd7 30. Qxb2 (30. Rxd7 $6 Rb8 31. Qxc6 Bxa3 $14) 30... Ne5 31. Qc3 Qe6 32. c5 Re8 33. Qxa5 (33. Rd6 $16 Qe7 34. a4) 33... Nc4 $11 34. Qc3 Nxe3 35. Re1 {[%emt 0:00:00][%cal Re1e3][%mdl 64] Pin} Qd5 36. Rxe3 $16 Rxe3 37. Qxe3 {[%emt 0:00:00][%mdl 4096] Endgame KQ-KQ} h5 38. h4 (38. g3 $18) 38... Qd1+ (38... Qc4 $16) 39. Kh2 $18 Qa4 (39... Qd5 $16 40. Qc3 Qe4) 40. g3 Qc2 $2 (40... Kf8 41. Kg2 Qa5 42. Qh6+ Kg8) 41. Kg2 Qa4 42. Qe8+ Kg7 43. Qe5+ Kh7 44. Qf4 Qb3 45. Qf3 Qe6 46. a4 {[%emt 0:00:11] Strongly threatening a5.} Kg8 47. a5 Qa2 48. Qxc6 {[%emt 0:00:30] a6 would kill now.} Qxa5 49. Qe8+ (49. Qb6 $142 Qd2 50. c6 Qd5+ 51. Kh2) 49... Kg7 50. Qe5+ Kh7 51. Qd6 {[%emt 0:00:26] Black must now prevent c6.} Qb4 52. Qd5 Kg7 53. c6 {[%emt 0:00:00][%cal Bc5c6,Bc6c7][%mdl 32] Threatening mate with c7.} Qc3 54. Qd7 $2 (54. Qb5 Qc2 55. Qb6 Qe4+ 56. Kh2 Kh7 57. c7 Qf5 58. Kg1 Qc2 59. Qb7) 54... Qc4 $2 (54... Qb4 $18 55. Qd5 Qb8 56. Qd4+ Kg8) 55. c7 Qe4+ 56. Kh2 Qc2 57. Kg2 $2 (57. c8=Q Qxf2+ 58. Kh3 Qf1+ 59. Kh2 Qf2+ 60. Kh3 Qf1+ 61. Kh2 Qf2+ $11) (57. Qd4+ $1 {mates} Kh7 58. Qb6 g5 59. hxg5 h4 60. gxh4 f6 61. gxf6 Qf5 62. c8=Q) 57... Qe4+ $14 58. Kf1 $1 ({Weaker is} 58. Kh2 Qc2 59. Qd4+ (59. c8=Q Qxf2+ 60. Kh3 Qf1+ 61. Kh2 Qf2+ 62. Kh3 Qf1+ 63. Kh2 Qf2+ $11) 59... Kh7 $18) 58... Qb1+ $2 (58... Qh1+ $14 59. Ke2 Qe4+ 60. Kd2 Qb4+ 61. Kc2 Qc4+ 62. Kb2 Qe2+ 63. Kb3 Qf3+ 64. Kc4 Qe2+ 65. Qd3 Qe8) 59. Ke2 $18 Qe4+ 60. Kd2 Qb4+ 61. Ke3 Qe1+ 62. Kf3 Qh1+ {[%emt 0:00:03] [#]} 63. Kf4 $1 Qc1+ 64. Ke5 $2 ({White has to play} 64. Ke4 $18 Qe1+ 65. Kd5 Qd1+ 66. Kc6 Qa4+ 67. Kd6 Qd4+ 68. Ke7 Qf6+ 69. Ke8 Qe5+ 70. Qe7 Qb5+ 71. Kd8) 64... Qe1+ $2 {[%emt 0:00:45][%mdl 8192] [#]} (64... Qc3+ $11 65. Kd5 Qd2+ 66. Kc6 Qc3+ 67. Kb6 Qf6+ 68. Qc6 Qxf2+ 69. Qc5 Qb2+ 70. Kc6 Qf6+ 71. Kb7 Qb2+ 72. Qb6 Qg2+ 73. Ka7 Qc2) 65. Kd6 $1 Qb4+ 66. Kd5 Qa5+ 67. Kc4 Qa2+ 68. Kb5 Qb3+ 69. Ka5 Qa3+ 70. Kb6 Qb2+ 71. Qb5 Qxf2+ 72. Kc6 Qf6+ 73. Kb7 Qf3+ 74. Kb8 Qxg3 75. Qd5 Qf4 76. Kb7 Qb4+ 77. Kc6 Qa4+ 78. Kd6 Qa6+ 79. Kd7 Qa4+ 80. Kc8 $2 (80. Qc6 Qd4+ 81. Kc8) 80... Qg4+ 81. Kb8 $2 ({Better is} 81. Kd8 $18 Qxh4+ 82. Ke8 Qa4+ 83. Ke7 Qb4+ 84. Qd6) 81... Qb4+ $2 (81... Qf4 $11 82. Qa5 Qg3) 82. Qb7 Qf4 83. Qb5 Qg3 $1 84. Qc4 g5 85. hxg5 h4 86. Kb7 Qf3+ 87. Kb6 Qe3+ 88. Kb5 Qe8+ 89. Kb4 (89. Ka6 $142 Qc8+ 90. Kb6 Kg6 91. Qa6 (91. Qxh4 Qe6+ 92. Kc5 Qe7+ 93. Kc6 Qe6+ 94. Kb7 Qb3+ 95. Ka8 Qa3+ 96. Kb7 Qb3+ 97. Kc8 Qe6+ 98. Kd8 Qd6+ 99. Ke8 Qe6+ 100. Kd8 Qd6+ 101. Kc8 Qa6+ 102. Kd8 Qd6+ $11) 91... Qh3 92. c8=Q Qxc8 93. Qxc8 Kxg5 94. Qh3) 89... Qf8+ 90. Kc3 {[%emt 0:00:54] White mates.} Qa3+ 91. Kc2 Qe3 92. Qc3+ {[%emt 0:00:30] Weighted Error Value: White=0.50/Black=0.81} 1-0

[Event "5th Baskent University Open 2022"]
[Site "Ankara"]
[Date "2022.07.06"]
[Round "8.13"]
[White "Unver, Cumali"]
[Black "Koksal, Ege"]
[Result "1/2-1/2"]
[ECO "C01"]
[WhiteElo "2046"]
[BlackElo "2356"]
[Annotator "TA"]
[PlyCount "33"]
[EventDate "2022.07.02"]
[EventType "swiss"]
[EventCountry "TUR"]
[SourceTitle "playchess.com"]
[Source "ChessBase"]
[SourceQuality "1"]
[TimeControl "5400+30"]

1. e4 e6 2. d4 d5 3. exd5 exd5 4. Nf3 Bd6 5. c4 Nf6 6. Bd3 {[%emt 0:01:30] C01: French: Exchange Variation.} O-O 7. O-O Bg4 (7... dxc4 $11 8. Bxc4 Nc6) 8. Nc3 (8. c5 $14 Be7 9. h3 Bxf3 10. Qxf3) 8... dxc4 9. Bxc4 Nc6 10. h3 Bh5 11. Be3 Qd7 {[%emt 0:03:30] [#]} 12. Rc1 $146 ({Predecessor:} 12. Re1 Rad8 13. a3 Rfe8 14. Be2 a6 15. d5 Ne5 16. Nxe5 Rxe5 17. Bxh5 Rxh5 18. Bd4 {½-½ (28) Karpus,M (2093)-Orzechowski,J (2223) Poronin 2014}) 12... Rad8 13. Be2 a6 14. Ne5 (14. Bg5 $11 {keeps the balance.}) 14... Bxe5 $17 15. dxe5 Bxe2 16. Qxe2 Nxe5 17. Bg5 {[%emt 0:46:48] Weighted Error Value: White=0.26 (precise) /Black=0.13 (very precise)} 1/2-1/2

[Event "5th Baskent University Open 2022"]
[Site "Ankara"]
[Date "2022.07.06"]
[Round "8.14"]
[White "Akbas, Umut Ata"]
[Black "Primbetov, Kazbek"]
[Result "1-0"]
[ECO "E16"]
[WhiteElo "2298"]
[BlackElo "2147"]
[Annotator "TA"]
[PlyCount "79"]
[EventDate "2022.07.02"]
[EventType "swiss"]
[EventCountry "TUR"]
[SourceTitle "playchess.com"]
[Source "ChessBase"]
[SourceQuality "1"]
[TimeControl "5400+30"]

1. d4 Nf6 2. c4 b6 3. Nf3 Bb7 4. g3 e6 5. Bg2 c5 6. d5 exd5 7. Nh4 g6 8. O-O Bg7 9. Nc3 O-O {[%emt 0:00:00] 9...d6 is vanishing.} 10. cxd5 d6 11. e4 Nbd7 {[%emt 0:00:00] E16: Queen's Indian: 4 g3 Bb7 5 Bg2 Bb4+.} 12. Re1 a6 13. a4 {[%emt 0:00:30] Inhibits b5.} Re8 {[%emt 0:00:00] The position is equal.} 14. Nf3 {[%emt 0:02:30] [#]} c4 $146 (14... b5 $5) ({Predecessor:} 14... Qc7 15. Nd2 c4 16. Bf1 Ne5 17. Qc2 Qc5 18. h3 b5 19. axb5 axb5 20. Rxa8 Rxa8 {0-1 (42) Piliposyan,R (2199)-Janik,I (2467) Chess.com INT 2020}) 15. Be3 (15. Bf4 $5 ) 15... Nxe4 16. Nxe4 Rxe4 17. Nd2 Rxe3 18. Rxe3 Bxb2 (18... b5 $11) 19. Ra2 c3 (19... Bd4 $11 {remains equal.} 20. Re4 Bc5) 20. Nc4 $1 $16 Nc5 (20... Ne5 $16 21. Nxb2 cxb2) 21. Nxb2 $18 cxb2 22. Rxb2 Bc8 23. Qd4 Bd7 24. Ra2 (24. Rbe2 $18 {and the rest is easy.}) 24... Qg5 {[%emt 0:00:30] Inhibits Re7.} (24... Qf8 $142) 25. h4 Qf5 (25... Qg4 $16 26. Qa1 Rf8) 26. Kh2 {[%emt 0:00:30] And now Rae2 would win.} Qb1 (26... Rf8 $16 {was worth a try.} 27. Rf3 Qe5 28. Qxe5 dxe5) 27. Ra1 Qc2 28. Qf6 Bxa4 29. Rf3 Rf8 30. h5 ({White must play} 30. Qxd6 $18 Nd7 31. Re1) 30... Nd7 $16 31. Qxd6 {[%emt 0:00:30] White is more active.} Bb5 (31... Qc5 $16 32. Qf4 Bb5) 32. Bf1 $36 {[%emt 0:00:30][%mdl 2048] [#] Hoping for Bxb5. White is in control.} Bxf1 (32... Qc5 33. Qxc5 bxc5) 33. Rxf1 {[%emt 0:00:30] aiming for Re1.} ({Weaker is} 33. Qxd7 Qe4 34. Raa3 Qe5 $14) 33... Qe4 {[%emt 0:00:30] Against Re1} (33... Qe2 $2 34. Kg2 Nc5 35. Qf6 $18) 34. Rf4 Qe2 35. Kg2 Ne5 (35... g5 36. Rd4 (36. Rf5 $2 Qe4+ 37. Rf3 Ne5 $19) 36... Qe5 37. Qxe5 Nxe5) 36. h6 {[%emt 0:01:30] [#] White threatens Qf6 and mate. White is clearly winning.} Nd3 37. Rd4 {[%emt 0:09:30][%cal Od4d3] Black must now prevent Rxd3!} Re8 38. Qf6 Kf8 39. d6 Qe5 40. Qg7+ {[%emt 0:00:30] Weighted Error Value: White=0.24 (precise) /Black=0.45} 1-0

[Event "5th Baskent University Open 2022"]
[Site "Ankara"]
[Date "2022.07.06"]
[Round "8.15"]
[White "Khoder, Akram"]
[Black "Altun, Arda"]
[Result "0-1"]
[ECO "D11"]
[WhiteElo "2038"]
[BlackElo "2213"]
[Annotator "TA"]
[PlyCount "94"]
[EventDate "2022.07.02"]
[EventType "swiss"]
[EventCountry "TUR"]
[SourceTitle "playchess.com"]
[Source "ChessBase"]
[SourceQuality "1"]
[TimeControl "5400+30"]

1. d4 d5 2. c4 c6 3. Nf3 Nf6 4. g3 Bg4 5. Ne5 Bf5 6. Qb3 {[%emt 0:00:00] D11: Slav Defence: 3 Nf3 sidelines and 3...Nf6 4 e3 Bg4.} Qb6 7. cxd5 Qxb3 8. axb3 {[%emt 0:00:00] The position is equal.} Nxd5 {[%emt 0:00:00] [#]} 9. Bd2 $146 {[%emt 0:00:00] Prevents Nb4.} ({Predecessor:} 9. Bg2 Nb4 10. O-O f6 11. Nc4 Nd7 12. Nba3 e6 13. Bf4 Kf7 14. Nd6+ Bxd6 15. Bxd6 {1-0 (55) Predke,A (2696)-Rublevsky,S (2653) Sochi 2020}) 9... e6 10. Bg2 Nb4 11. Bxb4 Bxb4+ 12. Nc3 Nd7 13. Nc4 O-O 14. e4 Bg6 15. O-O Rfd8 16. Ne3 Nf6 17. e5 Nd5 18. Nexd5 cxd5 19. Rfc1 Rdc8 20. Kf1 a6 21. Ke2 Rc6 22. Kd2 (22. Na2 $15 Bf8 23. h4) 22... Rac8 23. Bf1 Rb6 {[%emt 0:05:30] Black is more active.} 24. Bd3 Bxc3+ 25. bxc3 Bxd3 ({And not} 25... Rxb3 26. Rab1 Rxb1 27. Bxb1 $17) 26. Kxd3 Rxb3 27. Rab1 Rxb1 28. Rxb1 $17 {[%emt 0:00:00][%mdl 4096] Endgame KR-KR} b5 29. f4 (29. Ra1 $17) 29... h5 $1 $19 30. h3 Kh7 31. g4 hxg4 (31... Kh6 $19 32. Rb2 Ra8) 32. hxg4 $17 Kg6 33. Ra1 Ra8 34. Rf1 (34. Ra5 $17) 34... Ra7 (34... a5 $1 $19 35. Rb1 Rb8) 35. Rh1 {[%emt 0:01:36] [#]} Rb7 (35... a5 $1 $17 36. Rb1 Rb7) 36. Ra1 Rb6 $1 37. Ra2 Rc6 38. Ra1 Rb6 39. Ra2 $1 f6 40. Rf2 {[%emt 0:01:06] [#]} (40. Ke3 $15) 40... b4 ({Black should play} 40... fxe5 $1 $17 {White must now prevent ...e4+.} 41. dxe5 a5 42. f5+ Kf7) 41. c4 $2 {[%emt 0:01:44][%mdl 8192] White does not recover from this.} ({White should try} 41. f5+ $1 $15 exf5 42. gxf5+ Kg5 43. cxb4) 41... fxe5 $19 42. dxe5 (42. fxe5 {was necessary.} dxc4+ 43. Kxc4) 42... b3 43. Rb2 (43. Rf1 $142 dxc4+ 44. Kxc4) 43... a5 {[%emt 0:00:10][%cal Ba6a5,Ba5a4,Ba4a3][%mdl 32] And now ...a4 would win.} 44. cxd5 exd5 {[%emt 0:00:30] Strongly threatening ...a4.} 45. Kc3 a4 46. Rb1 a3 {[%emt 0:00:30] ( -> ...b2)} 47. e6 b2 {[%emt 0:01:06] Weighted Error Value: White=0.79/Black=0.13 (very precise)} 0-1